 Dungeon Crawl Stone Soup version 0.30.0-5-g1a98f26d00 (webtiles) character file.

Game seed: 12135901030197164686

8311 browni3141 the Orthodox (level 11, -6/81 HPs)
             Began as a Formicid Ice Elementalist on May 11, 2023.
             Was an Elder of Zin.
             Mangled by a catoblepas (24 damage)
             ... on level 8 of the Dungeon.
             The game lasted 00:33:27 (8688 turns).

browni3141 the Orthodox (Formicid Ice Elementalist) Turns: 8688, Time: 00:33:27

Health: -6/81      AC:  9    Str: 15    XL:     11   Next: 53%
Magic:  0/29       EV: 18    Int: 23    God:    Zin [****..]
Gold:   268        SH: 12    Dex: 18    Spells: 7/18 levels left

rFire   . . .        N - +5 long sword
rCold   . . .        x - +0 kite shield
rNeg    . . .        a - +0 robe
rPois   ∞            (helmet unavailable)
rElec   .            v - scarf of Miracles {shadows, Rampage Regen+ Str-2 Stlth+}
rCorr   .            (no gloves)
SInv    +            (no boots)
Will    +....        S - amulet of guardian spirit
Stlth   +++          B - ring of magical power
HPRegen 1.13/turn    W - +5 ring of evasion
MPRegen 0.21/turn

%: guardian spirit, rampage
@: ice-armoured, vitalised, on recite cooldown, freezing walls
A: permanent stasis, dig shafts and tunnels, antennae 3, four strong arms
a: Dig, Shaft Self, Renounce Religion, Recite, Vitalisation, Imprison, Donate
Gold


You were on level 8 of the Dungeon.
You worshipped Zin.
Zin was greatly pleased with you.
You visited 2 branches of the dungeon, and saw 9 of its levels.
You also visited: Bailey.

You collected 495 gold pieces.
You spent 178 gold pieces at shops.
You donated 49 gold pieces to Zin.

Inventory:

Hand Weapons
 n - a +0 whip of flaming
 q - a +1 heavy war axe
 s - a +0 dagger of draining
 w - a +2 dagger of holy wrath
 N - a +5 long sword (weapon)
 U - the +4 dagger of the End {heavy, rF+ Will- Str+4}
   (You found it on level 4 of the Dungeon)

   Str:       It affects your strength (+4).
   rF:        It protects you from fire.
   Will:      It decreases your willpower.
Missiles
 J - 5 atropa-tipped darts
 K - 7 curare-tipped darts
 R - 14 poisoned darts
 T - 2 boomerangs
Armour
 a - a +0 robe (worn)
 j - a +0 scale mail of cold resistance
 v - the scarf of Miracles (worn) {shadows, Rampage Regen+ Str-2 Stlth+}
   (You found it on level 2 of the Dungeon)

   Str:       It affects your strength (-2).
   Regen:     It increases your rate of health regeneration.
   Rampage:   It bestows one free step when moving towards enemies.
   Stlth:     It makes you more stealthy.
 x - a +0 kite shield (worn)
Magical Staves
 d - a staff of conjuration
 I - a staff of poison
Jewellery
 c - a +6 ring of intelligence
 f - a ring of poison resistance
 g - a ring of positive energy
 B - a ring of magical power (left hand)
 S - an amulet of guardian spirit (around neck)
 W - a +5 ring of evasion (right hand)
Wands
 P - a wand of paralysis (3)
 V - a wand of flame (17)
Scrolls
 l - a scroll of blinking
 o - 2 scrolls of enchant weapon
 p - 3 scrolls of teleportation
 t - 3 scrolls of vulnerability
 y - 2 scrolls of fog
 A - a scroll of enchant armour
 D - a scroll of silence
 E - 2 scrolls of noise
 G - 2 scrolls of immolation {unknown}
 L - a scroll of poison {unknown}
 O - a scroll of summoning
Potions
 e - a potion of experience {unknown}
 h - 4 potions of haste
 i - a potion of berserk rage {unknown}
 k - 2 potions of mutation {unknown}
 m - 2 potions of magic
 u - 5 potions of resistance
 z - 3 potions of attraction {unknown}
 C - 3 potions of curing
 F - 2 potions of flight
 H - 5 potions of heal wounds
 M - 2 potions of might
 Q - a potion of brilliance {unknown}
 X - 2 potions of lignification {unknown}
 Y - 2 potions of cancellation {unknown}
 Z - 2 potions of degeneration {unknown}


   Skills:
 - Level 6.0 Fighting
 - Level 2.0 Short Blades
 - Level 2.0 Throwing
 * Level 4.4 Dodging
 - Level 3.0 Stealth
 - Level 10.0 Shields
 - Level 4.0 Spellcasting
 * Level 2.8 Summonings
 - Level 8.0 Ice Magic
 - Level 12.0 Invocations
 - Level 2.0 Evocations


You had 7 spell levels left.
You knew the following spells:

 Your Spells              Type           Power      Damage    Failure   Level
b - Summon Ice Beast      Ice/Summ       29%        N/A       24%         4
o - Ozocubu's Armour      Ice            41%        N/A       2%          3
r - Frozen Ramparts       Ice            82%        1d13      2%          3
z - Freeze                Ice            100%       1d10      1%          1

Your spell library contained the following spells:

 Spells                   Type           Power      Damage    Failure   Level
 Ensorcelled Hibernation  Hex/Ice        46%        N/A       7%          2
 Cigotuvi's Dreadful Rot  Necr/Pois/Air  8%         N/A       34%         2
 Spider Form              Tmut/Pois      4%         N/A       56%         3
 Anguish                  Hex/Necr       2%         N/A       92%         4
 Dispel Undead            Necr           4%         3d7       92%         4
 Iskenderun's Battlesphe  Conj           4%         2d6       99%         5
 Death Channel            Necr           2%         N/A       100%        6
 Iron Shot                Conj/Erth      2%         9d2       100%        6
 Spellforged Servitor     Conj/Summ      5%         N/A       100%        7


Dungeon Overview and Level Annotations

Branches:
Dungeon (8/15)             Temple (1/1) D:5          Bailey (visited)
   Lair: D:8-11

Altars:
Dithmenos
Elyvilon
Fedhas
Gozag
Kikubaaqudgha
Makhleb
Nemelex Xobeh
Okawaru
Qazlal
Ru
Sif Muna
Trog
Uskayaw
Vehumet
Wu Jian
Xom
Yredelemnul
Zin
The Shining One

Shops:
D:4 ?   D:8 ?

Annotations:
D:7 1 runed translucent door, Crazy Yiuf
D:8 Joseph, Psyche


Innate Abilities, Weirdness & Mutations

You cannot be hasted, slowed, berserked, paralysed or teleported.
You can dig through walls and to a lower floor.
You have a pair of large antennae on your head. (SInv)
Your four strong arms can wield two-handed weapons with a shield.


Message History

Casting: Frozen Ramparts (mildly dangerous; 4% risk of failure)
Confirm with . or Enter, or press ? or * to list all spells.
A film of ice covers your body!
The wall freezes the orc but does no damage.
The wall freezes the gnoll sergeant.
The gnoll sergeant hits the catoblepas but does no damage.
The catoblepas is poisoned.
The wall freezes the catoblepas.
Zin grants you divine stamina.
The wall freezes the orc!
You kill the orc!
The wall freezes the orc.
The gnoll barely misses something.
The wall freezes the gnoll sergeant.
The wall freezes the catoblepas.
The catoblepas gores you!
Aiming: Freeze (safe; 1% risk of failure)
Press: ? - help, Q - select action, (/) - cycle Shift-Dir - straight line, f - catoblepas
Aim: a catoblepas (lightly wounded, poisoned)
You freeze the catoblepas.
The catoblepas is lightly wounded.
The wall freezes the orc.
You kill the orc!
The wall freezes the gnoll.
You block the gnoll's attack.
The wall freezes the catoblepas but does no damage.
The catoblepas gores you!!
The wall freezes the gnoll sergeant.
The gnoll sergeant closely misses the gnoll.
Aiming: Freeze (safe; 1% risk of failure)
Press: ? - help, Q - select action, (/) - cycle Shift-Dir - straight line, f/p - catoblepas
Aim: a catoblepas (lightly wounded, poisoned)
You freeze the catoblepas.
The catoblepas is moderately wounded.
The wall freezes the gnoll sergeant.
The gnoll sergeant hits the gnoll with a +2 spear of venom!
The gnoll is killed!
The wall freezes the catoblepas.
The catoblepas breathes a plume of calcifying dust at you.
The blast of calcifying dust hits you!
The wall freezes the gnoll.
Aiming: Freeze (safe; 1% risk of failure)
Press: ? - help, Q - select action, (/) - cycle Shift-Dir - straight line, f/p - catoblepas
Aim: a catoblepas (moderately wounded, poisoned)
You freeze the catoblepas!
The catoblepas is moderately wounded.
You are engulfed in calcifying dust.
Your divine stamina protects you from petrification!
The wall freezes the catoblepas.
The catoblepas breathes a plume of calcifying dust at you.
The blast of calcifying dust hits you!
The wall freezes the gnoll sergeant.
Aiming: Freeze (safe; 1% risk of failure)
Press: ? - help, Q - select action, (/) - cycle Shift-Dir - straight line, f/p - catoblepas
Aim: a catoblepas (moderately wounded, poisoned)
You freeze the catoblepas.
The catoblepas is heavily wounded.
You are engulfed in calcifying dust.
A centaur comes into view.
The wall freezes the gnoll sergeant.
You kill the gnoll sergeant!
The wall freezes the catoblepas.
The catoblepas gores you.
The wall freezes the orc.
Aiming: Freeze (safe; 1% risk of failure)
Press: ? - help, Q - select action, (/) - cycle Shift-Dir - straight line, f/p - catoblepas
Aim: a catoblepas (heavily wounded, poisoned)
You freeze the catoblepas.
The catoblepas is heavily wounded.
The centaur shouts!
You are engulfed in calcifying dust.
The catoblepas looks more healthy.
The wall freezes the catoblepas.
The catoblepas gores you but does no damage.
The wall freezes the orc.
Aiming: Freeze (safe; 1% risk of failure)
Press: ? - help, Q - select action, (/) - cycle Shift-Dir - straight line, f/p - catoblepas
Aim: a catoblepas (heavily wounded)
You freeze the catoblepas.
The catoblepas is heavily wounded.
The wall freezes the centaur.
The wall freezes the catoblepas!
The catoblepas closely misses you.
The gnoll hits the orc with a +0 spear!
The orc is killed!
Aiming: Freeze (safe; 1% risk of failure)
Press: ? - help, Q - select action, (/) - cycle Shift-Dir - straight line, f/p - catoblepas
Aim: a catoblepas (severely wounded)
You freeze the catoblepas!
The catoblepas is severely wounded.
The frozen ramparts melt away.
You block the catoblepas's attack.
The gnoll hits the centaur with a +0 spear.
Casting: Freeze (safe; 1% risk of failure)
Confirm with . or Enter, or press ? or * to list all spells.
Casting: Frozen Ramparts (mildly dangerous; 2% risk of failure)
Press: ? - help, Dir - look around, f - activate An open door, spattered with blood.
The walls around you are covered in ice.
The wall freezes the centaur. x2
The wall freezes the catoblepas but does no damage.
The catoblepas gores you!!
* * * LOW HITPOINT WARNING * * *
Aiming: Freeze (safe; 1% risk of failure)
Press: ? - help, Q - select action, (/) - cycle Shift-Dir - straight line, f - catoblepas
Aim: a catoblepas (severely wounded)
You freeze the catoblepas!
The catoblepas is almost dead.
The wall freezes the centaur.
You kill the centaur!
The wall freezes the catoblepas!
The catoblepas gores you!!
You die...

#[...........#
#.#....≈)..≈.#,*
#....<...8...#
#.#....≈≈≈≈≈....
#.#.)........#
*#+#..........###
#......∩.....#
*,...#....##### *
...#.........# *..#+###.##
* #.>#.8...>...#
*.#*.###..* *
#..#.........# ##*...#**.#
*
#..##......8.#####))...**,*
*
#..##.########..@Y)g⌠..,,,*
*
#..##.########.####...#****
* #..#............'.#,,.# *
#..#..###########.#,>,*
'..#..# *,* #.#,,,* #..#<.#
*,****###,,,****** ...#..#
*,**,,+,,,⌠,,,,,,******
......#
*,,,,,**,,,,,**,,,,,,,,
##.#.##
*,*******,,,***********


You could see a catoblepas and a gnoll (confused).

Vanquished Creatures
  A centaur warrior (D:8)
  A death knight (D:8)
  A tengu warrior (D:8)
  Pikel (D:7)
  3 ugly things (D:8)
  A cyclops (D:8)
  Grinder (D:6)
  A vampire mosquito (D:8)
  Grum (D:8)
  Menkaure (D:7)
  Edmund (D:5)
  2 water moccasins
  An ice beast (D:5)
  2 sky beasts
  3 black bears
  2 orc warriors
  4 ogres
  2 centaurs (D:8)
  2 wolves (D:8)
  2 lemures (D:7)
  2 kobold brigands
  A phantom (D:5)
  5 bullfrogs
  2 gnoll sergeants
  4 scorpions
  3 wights (D:6)
  3 hounds
  A jelly (D:6)
  3 orc priests
  2 gnoll boudas
  3 sleepcaps
  5 iguanas
  8 orc wizards
  13 adders
  29 gnolls
  A white imp (D:7)
  An ufetubus (D:5)
  A worm (D:2)
  2 dart slugs
  39 orcs
  8 ball pythons
  7 endoplasms
  7 giant cockroaches
  14 goblins
  12 hobgoblins
  6 jackals
  8 kobolds
  2 quokkas
  8 bats
  3 frilled lizards
  4 rats
240 creatures vanquished.

Vanquished Creatures (collateral kills)
  An ice beast (D:7)
1 creature vanquished.

Grand Total: 241 creatures vanquished

Notes
Turn   | Place    | Note
-------+----------+-------------------------------------------
     0 | D:1      | browni3141 the Formicid Ice Elementalist began the quest
                  | for the Orb.
     0 | D:1      | Reached XP level 1. HP: 13/13 MP: 3/3
   233 | D:1      | Reached XP level 2. HP: 21/21 MP: 1/5
   642 | D:1      | Reached skill level 3 in Spellcasting
   651 | D:1      | Reached XP level 3. HP: 20/26 MP: 2/7
   953 | D:2      | Identified the scarf of Miracles {shadows, Rampage Regen+
                  | Str-2 Stlth+}
  1085 | D:2      | Learned a level 3 spell: Frozen Ramparts
  1089 | D:2      | Learned a level 3 spell: Ozocubu's Armour
  1248 | D:2      | You fall into a shaft and drop 1 floor!
  1288 | D:3      | Reached XP level 4. HP: 30/31 MP: 3/8
  1433 | D:2      | Reached skill level 3 in Stealth
  1879 | D:3      | Reached XP level 5. HP: 37/37 MP: 9/9
  1994 | D:3      | Reached skill level 3 in Shields
  2446 | D:3      | Reached XP level 6. HP: 24/43 MP: 10/10
  2696 | D:4      | Noticed a sky beast
  2702 | D:4      | Killed a sky beast
  2703 | D:4      | Reached skill level 6 in Shields
  2736 | D:4      | Identified the +4 dagger of the End {heavy, rF+ Will-
                  | Str+4}
  2748 | D:4      | Found an iron altar of Okawaru.
  2785 | D:4      | Found a white marble altar of Elyvilon.
  2786 | D:4      | Found a glowing golden altar of the Shining One.
  2787 | D:4      | Found a glowing silver altar of Zin.
  2796 | D:4      | Became a worshipper of Zin the Law-Giver
  2796 | D:4      | Reached * piety under Zin
  2859 | D:4      | Reached XP level 7. HP: 19/48 MP: 11/11
  2887 | D:4      | Reached skill level 1 in Invocations
  3185 | D:4      | Found Kaeh's Magic Scroll Emporium.
  3189 | D:4      | Bought a scroll of identify for 22 gold pieces
  3189 | D:4      | Bought a scroll of summoning for 104 gold pieces
  3284 | D:5      | Entered Level 5 of the Dungeon
  3373 | D:5      | Reached skill level 2 in Invocations
  3470 | D:5      | Reached skill level 3 in Invocations
  3470 | D:5      | Reached XP level 8. HP: 46/56 MP: 12/12
  3592 | D:4      | Reached skill level 4 in Invocations
  3684 | D:5      | Reached ** piety under Zin
  3859 | D:5      | Reached skill level 3 in Fighting
  3859 | D:5      | Reached skill level 5 in Invocations
  3953 | D:5      | Noticed Edmund
  3995 | D:5      | Reached skill level 6 in Invocations
  4208 | D:5      | Found a staircase to the Ecumenical Temple.
  4234 | D:5      | Reached skill level 7 in Invocations
  4249 | D:5      | Reached XP level 9. HP: 62/65 MP: 14/14
  4505 | D:6      | Noticed Grinder
  4516 | D:6      | Reached skill level 8 in Invocations
  4525 | D:6      | Killed Grinder
  4526 | D:6      | Reached skill level 9 in Invocations
  4693 | D:6      | You fall into a shaft and drop 1 floor!
  4755 | D:7      | Reached skill level 10 in Invocations
  4807 | D:7      | Noticed Pikel
  4834 | D:7      | Killed Pikel
  4835 | D:7      | Reached skill level 11 in Invocations
  4887 | D:7      | HP: 2/65 [ice beast (12)]
  5010 | D:7      | Reached XP level 10. HP: 48/71 MP: 14/18
  5174 | Temple   | Entered the Ecumenical Temple
  5413 | D:6      | Reached skill level 12 in Invocations
  5721 | D:6      | Reached *** piety under Zin
  5939 | D:7      | Noticed Menkaure
  6091 | D:7      | Killed Menkaure
  6798 | D:7      | Found a runed translucent door.
  6799 | D:7      | Noticed Crazy Yiuf
  6910 | D:5      | Killed Edmund
  6990 | D:8      | Found Nicarugg's Magic Scroll Boutique.
  7121 | D:8      | Noticed Psyche
  7146 | D:8      | Noticed Joseph
  7203 | D:8      | Reached **** piety under Zin
  7217 | D:8      | Found a flagged portal.
  7229 | D:8      | Reached skill level 6 in Ice Magic
  7247 | Bailey   | Entered a bailey
  7695 | D:8      | Noticed a red ugly thing
  7709 | D:8      | Killed a red ugly thing
  7717 | D:8      | Reached skill level 6 in Fighting
  7854 | D:8      | Noticed a death knight
  7856 | D:8      | Noticed a purple ugly thing
  7856 | D:8      | Noticed a cyclops
  7907 | D:8      | Killed a cyclops
  7943 | D:8      | Killed a death knight
  7944 | D:8      | Reached skill level 9 in Shields
  7944 | D:8      | Reached XP level 11. HP: 68/81 MP: 17/20
  7975 | D:8      | Noticed a tengu warrior
  7981 | D:8      | Noticed a centaur warrior
  8002 | D:8      | Killed a centaur warrior
  8043 | D:8      | Killed a tengu warrior
  8044 | D:8      | Reached skill level 3 in Dodging
  8049 | D:8      | Learned a level 4 spell: Summon Ice Beast
  8183 | D:8      | Noticed a brown ugly thing
  8195 | D:8      | Killed a brown ugly thing
  8199 | D:8      | Killed a brown ugly thing
  8479 | D:8      | Noticed Grum
  8502 | D:8      | Killed Grum
  8648 | D:8      | Bought a scroll of identify for 26 gold pieces
  8648 | D:8      | Bought a scroll of identify for 26 gold pieces
  8676 | D:8      | Noticed a catoblepas
  8688 | D:8      | Mangled by a catoblepas

Illustrated notes

Levels and vault maps discovered:
D:1:      scummos_arrival_checkerplants, layout_basic
D:2:      layout_rooms, minmay_split_cup_small
D:3:      layout_rooms, kennysheep_flooded_box
D:4:      layout_rooms, good_gods_temple_1, kennysheep_mini, serial_shops,
          nicolae_shop_back_alley_shop, minmay_misc_feat_x, minmay_vboxes
D:5:      layout_rooms, minmay_temple_entry_from_below_b,
          nicolae_elevator_lobby_asterisk, uniq_edmund
D:6:      layout_rooms, minivault_22, uniq_grinder
D:7:      layout_loops_ring, uniq_menkaure, uniq_pikel, uniq_crazy_yiuf_cottage
D:8:      hangedman_cross_veins, layout_basic, enter_bailey_5,
          kennysheep_nondescript, serial_bayou_pond_c, grunt_ministairs_15,
          minmay_curled_crystal, nicolae_stop_n_shop_1,
          hellmonk_bongcloud_opening, uniq_grum, uniq_joseph, uniq_psyche
Temple:   nicolae_temple_no_exploring_needed

Skill      XL: |  1  2  3  4  5  6  7  8  9 10 11 |
---------------+----------------------------------+-----
Fighting       | 1 2 4 6 |  6.0
Spellcasting   | 3 4 |  4.0
Dodging        | 2 4 |  4.4
Shields        | 1 2 4 6 9 10 | 10.0
Stealth        | 3 |  3.0
Ice Magic      | 5 7 8 |  8.0
Evocations     | 1 2 |  2.0
Short Blades   | 2 |  2.0
Invocations    | 3 7 11 12 | 12.0
Throwing       | 2 |  2.0
Summonings     | 2 |  2.8

Action                     |  1- 3 |  4- 6 |  7- 9 | 10-12 || total
---------------------------+-------+-------+-------+-------++-------
  Melee: Unarmed           |     5 |       |       |       ||     5
         Dagger            |    12 |   100 |   240 |    58 ||   410
         Punch             |       |     1 |     1 |     1 ||     3
         Whip              |       |       |     3 |     1 ||     4
         Long sword        |       |       |       |   159 ||   159
   Cast: Freeze            |    32 |    25 |    58 |    61 ||   176
         Frozen Ramparts   |     2 |    10 |    11 |    25 ||    48
         Ozocubu's Armour  |       |     2 |    11 |    21 ||    34
 Invoke: Recite            |       |       |     8 |    22 ||    30
         Vitalisation      |       |       |       |     1 ||     1
Ability: Dig               |     1 |       |       |     2 ||     3
         Shaft Self        |     1 |       |       |       ||     1
  Evoke: Wand              |       |       |     2 |       ||     2
    Use: Scroll            |       |       |     8 |     7 ||    15
         Potion            |       |       |     1 |       ||     1
   Stab: Sleeping          |     4 |    12 |     5 |    11 ||    32
         Distracted        |       |     1 |     1 |       ||     2
         Confused          |       |       |     5 |     3 ||     8
         Invisible         |       |       |     1 |     1 ||     2
         Paralysed         |       |       |       |     1 ||     1
 Armour: Robe              |    11 |    17 |    50 |    35 ||   113
  Dodge: Dodged            |    41 |    92 |   228 |   219 ||   580
  Block: Kite shield       |       |       |       |   131 ||   131
